 Dungeon Sprint DCSS version 0.30-a0-373-gd37427bb62 (webtiles) character file.

Game seed: 5513116994159381735

13533 rocky1 the Gnoll Aeon (level 12, -3/103 HPs)
             Began as a Gnoll Warper on Nov 24, 2022.
             Was the Champion of Cheibriados.
             Slain by a naga warrior
             ... wielding a +0 battleaxe
              (23 damage)
             ... in the Dungeon (Sprint VII: "The Pits").
             The game lasted 00:09:28 (1882 turns).

rocky1 the Gnoll Aeon (Gnoll Warper)                Turns: 1882, Time: 00:09:28

Health: -3/103     AC:  9    Str: 26    XL:     12   Next: 7%
Magic:  25/28      EV: 26    Int: 28    God:    Cheibriados [******]
Gold:   52         SH:  0    Dex: 37    Spells: 21/36 levels left

rFire   . . .      SeeInvis .    v - +2 scimitar (holy)
rCold   . . .      Faith    .    (no shield)
rNeg    . . .      Spirit   .    n - +0 troll leather armour {Pargi}
rPois   .          Reflect  .    (no helmet)
rElec   .          Harm     .    z - +0 cloak
rCorr   .          Rampage  .    x - +0 pair of gloves
Will    .....      NoTele   +    (no boots)
Stlth   ++++++....               J - amulet of magic regeneration
HPRegen 1.17/turn                q - +3 ring of dexterity
MPRegen 0.61/turn                r - +3 ring of dexterity

@: lethally poisoned (-3 -> -3), constricted, very slow
A: fangs 1, strong nose, distributed training
a: Renounce Religion, Bend Time, Temporal Distortion, Slouch, Step From Time


You were in the Dungeon.
You worshipped Cheibriados.
Cheibriados was exalted by your worship.
You visited 1 branch You collected 52 gold pieces.

Inventory:

Hand Weapons
 a - a +0 falchion
 j - a +2 falchion of flaming
 o - a +1 long sword of holy wrath
 p - a +3 scimitar
 v - a +2 scimitar of holy wrath (weapon)
 w - a +2 morningstar of protection
 A - a +2 rapier of electrocution
 B - a +2 halberd of protection
Missiles
 d - 7 boomerangs of dispersal (quivered)
Armour
 b - a +0 leather armour
 n - a +0 troll leather armour (worn) {Pargi}
 x - a +0 pair of gloves (worn)
 y - a +4 chain mail
 z - a +0 cloak (worn)
 C - a +0 kite shield
Jewellery
 q - a +3 ring of dexterity (left hand)
 r - a +3 ring of dexterity (right hand)
 I - a ring of willpower
 J - an amulet of magic regeneration (around neck)
 K - a ring of ice
Scrolls
 c - 3 scrolls of blinking
 l - 5 scrolls of amnesia
 m - a scroll of summoning
 D - 2 scrolls of identify
 E - 4 scrolls of enchant weapon
 F - a scroll of fog
 G - 4 scrolls of enchant armour
 H - a scroll of fear
 M - a scroll of immolation
 N - a scroll of poison
Potions
 e - 10 potions of curing
 f - 7 potions of heal wounds
 g - a potion of haste
 h - 3 potions of magic
 i - 5 potions of berserk rage
 k - a potion of invisibility
 s - 3 potions of brilliance
 t - 4 potions of mutation
 u - 2 potions of might
 L - a potion of flight


   Skills:
 + Level 12.4 Fighting
 + Level 11.6 Short Blades
 + Level 12.4 Long Blades
 + Level 11.6 Axes
 + Level 11.6 Maces & Flails
 + Level 11.6 Polearms
 + Level 11.6 Staves
 + Level 11.6 Ranged Weapons
 + Level 11.9 Throwing
 + Level 11.9 Armour
 + Level 12.4 Dodging
 + Level 11.6 Stealth
 + Level 11.6 Shields
 + Level 11.6 Unarmed Combat
 + Level 12.6 Spellcasting
 + Level 9.8 Conjurations
 + Level 9.8 Hexes
 + Level 9.8 Summonings
 + Level 9.8 Necromancy
 + Level 11.2 Translocations
 + Level 9.8 Transmutations
 + Level 9.8 Fire Magic
 + Level 9.8 Ice Magic
 + Level 9.8 Air Magic
 + Level 9.8 Earth Magic
 + Level 9.8 Poison Magic
 + Level 12.6 Invocations
 + Level 11.6 Evocations


You had 21 spell levels left.
You knew the following spells:

 Your Spells              Type           Power      Damage    Failure   Level
a - Blink                 Tloc           100%       N/A       1%          2
b - Vhi's Electric Charg  Tloc/Air       100%       N/A       1%          3
c - Manifold Assault      Tloc           69%        N/A       1%          4
d - Teleport Other        Tloc           69%        N/A       1%          3
e - Lesser Beckoning      Tloc           100%       N/A       1%          3

Your spell library contained the following spells:

 Spells                   Type           Power      Damage    Failure   Level


Dungeon Overview and Level Annotations

Branches:
Dungeon (1/1)

Altars:
Ashenzari
Cheibriados
Dithmenos
Elyvilon
Fedhas
Gozag
Hepliaklqana
Kikubaaqudgha
Makhleb
Nemelex Xobeh
Okawaru
Qazlal
Ru
Sif Muna
Trog
Uskayaw
Vehumet
Wu Jian
Xom
Yredelemnul
Zin
The Shining One
Jiyva
Lugonu


Innate Abilities, Weirdness & Mutations

You have very sharp teeth.
Your uncanny sense of smell can sniff out nearby items.
Your experience applies equally to all skills.


Message History

You hit the naga warrior.
The naga warrior is moderately wounded.
The naga warrior loses its grip on you.
You closely miss the naga warrior.
You bite the naga warrior, but do no damage.
The naga warrior is moderately wounded.
You barely miss the small abomination. The small abomination hits you.
The naga warrior completely misses you. The naga warrior grabs you.
The naga warrior constricts you.
You slice the small abomination!!
The small abomination convulses.
The small abomination is severely damaged.
The naga spits poison at you.
The splash of poison hits you but does no damage.
You are poisoned.
The small abomination misses you. The naga warrior misses you.
The naga warrior constricts you.
Activating: Slouch (1% risk of failure)
Press: ? - help, Dir - look around, f - activate You can feel time thicken for a moment.
You destroy the small abomination!
Cheibriados thoroughly appreciates the change of pace.
You feel sick. The naga completely misses you.
The naga warrior hits you with a +0 battleaxe!
The naga warrior constricts you.
You closely miss the naga warrior.
You bite the naga warrior, but do no damage.
The naga warrior is heavily wounded.
You feel sick.
The naga hits you with a +0 short sword!!
* * * LOW HITPOINT WARNING * * *
The naga warrior misses you. The naga warrior constricts you.
* * * LOW HITPOINT WARNING * * *
You hit the naga warrior.
The naga warrior is heavily wounded.
You feel sick.
You slash the naga warrior!
The naga warrior is severely wounded.
The naga completely misses you.
The naga warrior hits you with a +0 battleaxe!!
You die...

∆∆∆∆∆∆∆∆∆
+#######################
................NN......
................@)......
.##############++#######
.#∆∆ ∆∆ ∆∆ .#∆∆ ∆∆ ∆∆ .#
.# .# .# .#


You could see a naga warrior and a naga (strong, catching breath).

Vanquished Creatures
  A ghost moth (D)
  An eidolon (D)
  An alligator snapping turtle (D)
  A catoblepas (D)
  2 shadow wraiths (D)
  2 deep trolls (D)
  A deep elf zephyrmancer (D)
  2 elephants (D)
  A molten gargoyle (D)
  A smoke demon (D)
  A cane toad (D)
  2 komodo dragons (D)
  2 freezing wraiths (D)
  2 kobold demonologists (D)
  A hellwing (D)
  A guardian mummy (D)
  A wandering mushroom (D)
  A tarantella (D)
  A flying skull (D)
  A wyvern (D)
  10 yaks (D)
  A vampire (D)
  A redback (D)
  A wraith (D)
  A neqoxec (D)
  A steam dragon (D)
  A naga (D)
  2 acid dragons (D)
  A floating eye (D)
  A swamp drake (D)
  Pargi (D)
  A sky beast (D)
  A black bear (D)
  An ogre (D)
  A centaur (D)
  A bullfrog (D)
  2 kobold brigands (D)
  A small abomination (D)
  A scorpion (D)
  A gnoll sergeant (D)
  6 wights (D)
  A crimson imp (D)
  2 quasits (D)
  2 jellies (D)
  2 orc wizards (D)
  A hell rat (D)
  3 gnolls (D)
  3 adders (D)
  A river rat (D)
  A white imp (D)
  An ufetubus (D)
  A worm (D)
  3 orcs (D)
  2 endoplasms (D)
  A giant cockroach (D)
  2 goblins (D)
  A hobgoblin (D)
  4 jackals (D)
  2 ball python skeletons (D)
  2 kobolds (D)
98 creatures vanquished.

Notes
Turn   | Place    | Note
-------+----------+-------------------------------------------
     0 | D        | rocky1 the Gnoll Warper began the quest for the Orb.
     0 | D        | Reached XP level 1. HP: 20/20 MP: 6/6
    46 | D        | Found a bloodstained altar of Trog.
    46 | D        | Found a shimmering blue altar of Sif Muna.
    46 | D        | Found a viscous altar of Jiyva.
    46 | D        | Found a hazy altar of Hepliaklqana.
    46 | D        | Found an opulent altar of Gozag.
    47 | D        | Found a glowing golden altar of the Shining One.
    47 | D        | Found a glowing silver altar of Zin.
    47 | D        | Found a basalt altar of Yredelemnul.
    47 | D        | Found a shimmering altar of Xom.
    47 | D        | Found an ornate altar of the Wu Jian Council.
    47 | D        | Found a sacrificial altar of Ru.
    47 | D        | Found a stormy altar of Qazlal.
    47 | D        | Found an iron altar of Okawaru.
    47 | D        | Found a sparkling altar of Nemelex Xobeh.
    47 | D        | Found a burning altar of Makhleb.
    47 | D        | Found a blossoming altar of Fedhas.
    47 | D        | Found a white marble altar of Elyvilon.
    47 | D        | Found a shadowy altar of Dithmenos.
    47 | D        | Found a snail-covered altar of Cheibriados.
    50 | D        | Found a corrupted altar of Lugonu.
    50 | D        | Found a radiant altar of Vehumet.
    51 | D        | Found an ancient bone altar of Kikubaaqudgha.
    51 | D        | Found a hide-covered altar of Uskayaw.
    51 | D        | Found a broken altar of Ashenzari.
    58 | D        | Became a worshipper of Cheibriados the Contemplative
    83 | D        | Reached skill level 5 in Spellcasting
    86 | D        | Reached * piety under Cheibriados
    87 | D        | Reached skill level 1 in Invocations
    88 | D        | Reached skill level 1 in Short Blades
    88 | D        | Reached skill level 1 in Axes
    88 | D        | Reached skill level 1 in Maces & Flails
    88 | D        | Reached skill level 1 in Polearms
    88 | D        | Reached skill level 1 in Staves
    88 | D        | Reached skill level 1 in Ranged Weapons
    88 | D        | Reached skill level 1 in Stealth
    88 | D        | Reached skill level 1 in Shields
    88 | D        | Reached skill level 1 in Unarmed Combat
    88 | D        | Reached skill level 1 in Evocations
   194 | D        | Noticed a scorpion
   196 | D        | Reached ** piety under Cheibriados
   197 | D        | Reached XP level 2. HP: 26/26 MP: 8/8
   202 | D        | Killed a scorpion
   203 | D        | Reached skill level 5 in Fighting
   203 | D        | Reached skill level 5 in Long Blades
   203 | D        | Reached skill level 5 in Dodging
   203 | D        | Reached XP level 3. HP: 33/33 MP: 10/10
   203 | D        | Reached XP level 4. HP: 39/39 MP: 11/11
   311 | D        | Noticed a floating eye
   313 | D        | Noticed Pargi
   316 | D        | Paralysed by a floating eye for 3 turns
   320 | D        | Killed a floating eye
   320 | D        | Reached *** piety under Cheibriados
   321 | D        | Reached XP level 5. HP: 46/46 MP: 11/13
   329 | D        | Learned a level 2 spell: Blink
   333 | D        | Learned a level 3 spell: Vhi's Electric Charge
   338 | D        | Learned a level 4 spell: Manifold Assault
   342 | D        | Learned a level 3 spell: Teleport Other
   346 | D        | Learned a level 3 spell: Lesser Beckoning
   451 | D        | Reached **** piety under Cheibriados
   453 | D        | Killed Pargi
   454 | D        | Reached skill level 5 in Throwing
   454 | D        | Reached skill level 5 in Armour
   454 | D        | Reached XP level 6. HP: 53/53 MP: 5/15
   556 | D        | Noticed a flying skull
   560 | D        | Reached skill level 5 in Invocations
   570 | D        | Reached skill level 5 in Short Blades
   570 | D        | Reached skill level 5 in Axes
   570 | D        | Reached skill level 5 in Maces & Flails
   570 | D        | Reached skill level 5 in Polearms
   570 | D        | Reached skill level 5 in Staves
   570 | D        | Reached skill level 5 in Ranged Weapons
   570 | D        | Reached skill level 5 in Stealth
   570 | D        | Reached skill level 5 in Shields
   570 | D        | Reached skill level 5 in Unarmed Combat
   570 | D        | Reached skill level 5 in Evocations
   574 | D        | Reached ***** piety under Cheibriados
   589 | D        | Reached XP level 7. HP: 58/60 MP: 17/17
   591 | D        | Killed a flying skull
   597 | D        | Reached skill level 5 in Conjurations
   597 | D        | Reached skill level 5 in Hexes
   597 | D        | Reached skill level 5 in Summonings
   597 | D        | Reached skill level 5 in Necromancy
   597 | D        | Reached skill level 5 in Transmutations
   597 | D        | Reached skill level 5 in Fire Magic
   597 | D        | Reached skill level 5 in Ice Magic
   597 | D        | Reached skill level 5 in Air Magic
   597 | D        | Reached skill level 5 in Earth Magic
   597 | D        | Reached skill level 5 in Poison Magic
   722 | D        | Noticed a redback
   726 | D        | Killed a redback
   727 | D        | Reached XP level 8. HP: 68/68 MP: 20/20
   729 | D        | Reached ****** piety under Cheibriados
   735 | D        | Noticed a wyvern
   737 | D        | Killed a wyvern
   856 | D        | Noticed a yak
   856 | D        | Noticed a yak
   856 | D        | Noticed a yak
   856 | D        | Noticed a yak
   856 | D        | Noticed a yak
   856 | D        | Noticed a yak
   856 | D        | Noticed a yak
   856 | D        | Noticed a yak
   856 | D        | Noticed a yak
   857 | D        | Noticed a yak
   858 | D        | Killed a yak
   858 | D        | Killed a yak
   858 | D        | Killed a yak
   858 | D        | Killed a yak
   858 | D        | Killed a yak
   859 | D        | Reached XP level 9. HP: 61/75 MP: 10/22
   949 | D        | Killed a shadow wraith
   950 | D        | Reached skill level 10 in Spellcasting
   950 | D        | Reached XP level 10. HP: 20/85 MP: 9/24
  1046 | D        | Reached skill level 10 in Fighting
  1046 | D        | Reached skill level 10 in Long Blades
  1046 | D        | Reached skill level 10 in Dodging
  1047 | D        | Noticed an elephant
  1080 | D        | Reached skill level 10 in Invocations
  1082 | D        | Killed a shadow wraith
  1146 | D        | Killed an elephant
  1147 | D        | Reached skill level 10 in Throwing
  1147 | D        | Reached skill level 10 in Armour
  1151 | D        | Noticed an elephant
  1199 | D        | Killed an elephant
  1207 | D        | Noticed a deep troll
  1212 | D        | Reached skill level 10 in Translocations
  1217 | D        | Reached skill level 10 in Short Blades
  1217 | D        | Reached skill level 10 in Axes
  1217 | D        | Reached skill level 10 in Maces & Flails
  1217 | D        | Reached skill level 10 in Polearms
  1217 | D        | Reached skill level 10 in Staves
  1217 | D        | Reached skill level 10 in Ranged Weapons
  1217 | D        | Reached skill level 10 in Stealth
  1217 | D        | Reached skill level 10 in Shields
  1217 | D        | Reached skill level 10 in Unarmed Combat
  1217 | D        | Reached skill level 10 in Evocations
  1217 | D        | Reached XP level 11. HP: 11/93 MP: 21/26
  1219 | D        | Killed a deep troll
  1219 | D        | Killed a ghost moth
  1385 | D        | Noticed an eidolon
  1385 | D        | Noticed a deep troll
  1385 | D        | Noticed a catoblepas
  1386 | D        | Noticed a deep elf zephyrmancer
  1387 | D        | Noticed a sun demon
  1390 | D        | Killed a deep troll
  1390 | D        | Killed a deep elf zephyrmancer
  1391 | D        | Killed a catoblepas
  1399 | D        | Killed an eidolon
  1696 | D        | Noticed an alligator snapping turtle
  1718 | D        | Killed an alligator snapping turtle
  1719 | D        | Reached XP level 12. HP: 58/103 MP: 28/28
  1867 | D        | Noticed a naga warrior
  1882 | D        | Slain by a naga warrior

Illustrated notes

Levels and vault maps discovered:
D:        pitsprint [storerooms_1, entrance_room_1, metal_vault_4, armoury_2,
          mini_pit_1, grid_room_1, main_hall_1, silver_pit, the_coven_2,
          the_vestibule_1, steel_vault_1, golden_pit, hallway_of_sentries,
          crystal_vault_1, iron_vault_2, final_vault]

Skill      XL: |  1  2  3  4  5  6  7  8  9 10 11 |
---------------+----------------------------------+-----
Spellcasting   | 5 6 7 8 9 10 11 12 | 12.6
Invocations    | 1 2 4 5 6 8 9 10 12 | 12.6
Short Blades   | 1 2 3 4 5 6 7 8 10 11 | 11.6
Axes           | 1 2 3 4 5 6 7 8 10 11 | 11.6
Maces & Flails | 1 2 3 4 5 6 7 8 10 11 | 11.6
Polearms       | 1 2 3 4 5 6 7 8 10 11 | 11.6
Staves         | 1 2 3 4 5 6 7 8 10 11 | 11.6
Ranged Weapons | 1 2 3 4 5 6 7 8 10 11 | 11.6
Stealth        | 1 2 3 4 5 6 7 8 10 11 | 11.6
Shields        | 1 2 3 4 5 6 7 8 10 11 | 11.6
Unarmed Combat | 1 2 3 4 5 6 7 8 10 11 | 11.6
Evocations     | 1 2 3 4 5 6 7 8 10 11 | 11.6
Fighting       | 5 6 7 8 9 11 12 | 12.4
Long Blades    | 5 6 7 8 9 11 12 | 12.4
Throwing       | 3 4 5 6 8 9 10 11 | 11.9
Armour         | 3 4 5 6 8 9 10 11 | 11.9
Dodging        | 5 6 7 8 9 11 12 | 12.4
Conjurations   | 2 3 4 5 6 7 8 9 |  9.8
Hexes          | 2 3 4 5 6 7 8 9 |  9.8
Summonings     | 2 3 4 5 6 7 8 9 |  9.8
Necromancy     | 2 3 4 5 6 7 8 9 |  9.8
Transmutations | 2 3 4 5 6 7 8 9 |  9.8
Fire Magic     | 2 3 4 5 6 7 8 9 |  9.8
Ice Magic      | 2 3 4 5 6 7 8 9 |  9.8
Air Magic      | 2 3 4 5 6 7 8 9 |  9.8
Earth Magic    | 2 3 4 5 6 7 8 9 |  9.8
Poison Magic   | 2 3 4 5 6 7 8 9 |  9.8
Translocations | 6 7 8 9 10 11 | 11.2

Action                   |  1- 3 |  4- 6 |  7- 9 | 10-12 || total
-------------------------+-------+-------+-------+-------++-------
Melee: Falchion          |    21 |    13 |       |       ||    34
       Bite              |     2 |     1 |     2 |    17 ||    22
       Long sword        |       |    18 |    19 |       ||    37
       Punch             |       |       |     2 |    11 ||    13
       Scimitar          |       |       |    23 |   121 ||   144
 Cast: Manifold Assault  |       |     2 |     3 |       ||     5
       Blink             |       |       |       |     1 ||     1
       Vhi's Electric Ch |       |       |       |     1 ||     1
Invok: Slouch            |       |       |     4 |    13 ||    17
  Use: Potion            |       |       |       |     9 ||     9
       Scroll            |       |       |       |     1 ||     1
 Stab: Sleeping          |       |       |     2 |     2 ||     4
       Distracted        |       |       |       |     1 ||     1
       Invisible         |       |       |       |     2 ||     2
       Petrified         |       |       |       |     2 ||     2
Armor: Leather armour    |     3 |       |       |       ||     3
       Troll leather arm |       |     1 |     3 |    20 ||    24
Dodge: Dodged            |    18 |    15 |    43 |   149 ||   225

Table legend: (Time is in decaauts)
 A = Elapsed time spent in this place.
 B = Non-inter-level travel time spent in this place.
 C = Inter-level travel time spent in this place.
 D = Time resting spent in this place.
 E = Time spent auto-exploring this place.
 F = Levels seen in this place.
 G = Mean time per level.
                   A        B        C        D        E       F      G
               +--------+--------+--------+--------+--------+-----+--------+
         Total |   2337 |   2152 |    185 |    966 |      0 |   1 | 2337.0 |
       Dungeon |   2337 |   2152 |    185 |    966 |      0 |   1 | 2337.0 |
               +--------+--------+--------+--------+--------+-----+--------+

Top non-repeatable levels by time:
       D: 2337 daAuts
